 Dungeon Crawl Stone Soup version 0.29-a0-322-g68df515428 (webtiles) character file.

Game seed: 16560228497038145978

14 Ajdolov the Magician (level 2, 0/22 HPs)
             Began as a Djinni Conjurer on Apr 6, 2022.
             Slain by an adder (4 damage)
             ... on level 2 of the Dungeon.
             The game lasted 00:01:44 (1071 turns).

Ajdolov the Magician (Djinni Conjurer)              Turns: 1071, Time: 00:01:44

Health: 0/22       AC:  2    Str:  6    XL:     2   Next: 55%
Gold:   31         EV: 12    Int: 19    God:
                   SH:  0    Dex: 11

rFire   + + .      SeeInvis .   (no weapon)
rCold   x . .      Faith    .   (no shield)
rNeg    . . .      Spirit   .   a - +0 robe
rPois   ∞          Reflect  .   (no helmet)
rElec   .          Harm     .   (no cloak)
rCorr   .          Rampage  .   (no gloves)
Will    .....                   (boots unavailable)
Stlth   ++........              (no amulet)
HPRegen 0.07/turn               (no ring)
MPRegen 0.00/turn               (no ring)

@: flying
A: sickness immunity, fire resistance 2, cold vulnerability 1, float, innate
caster, HP casting, extra vitality 1
a: no special abilities


You were on level 2 of the Dungeon.
You visited 1 branch of the dungeon, and saw 2 of its levels.

You collected 31 gold pieces.

Inventory:

Armour
 a - a +0 robe (worn)
Scrolls
 b - a scroll of summoning {unknown}
 d - 4 scrolls of teleportation {unknown}
 f - a scroll of identify {unknown}
Potions
 c - a potion of cancellation {unknown}
 e - a potion of curing {unknown}


   Skills:
 + Level 1.0 Fighting
 - Level 2.1 Dodging
 - Level 1.5 Stealth
 * Level 3.5 Spellcasting


You couldn't memorise any spells.
You knew the following spells:

 Your Spells              Type           Power      Damage    Failure   Level
a - Magic Dart            Conj           68%        1d6       3%          1
b - Searing Ray           Conj           34%        2d5       4%          2
c - Dazzling Flash        Conj/Hex       34%        N/A       10%         3
d - Fulminant Prism       Conj/Hex       8%         3d7       32%         4
e - Iskenderun's Mystic   Conj/Tloc      17%        2d5       32%         4
Your spell library was empty.

Dungeon Overview and Level Annotations

Branches:
Dungeon (2/15)

Altars:

Shops:
D:1 [


Innate Abilities, Weirdness & Mutations

You are immune to sickness and miasma.
You are immune to poison.
Your flesh is very heat resistant. (rF++)
You are vulnerable to cold. (rC-)
You float through the air rather than walking.
You learn spells naturally, not from books.
Your magical power is your life essence.
You have superior vitality. (+4 MHP)


Message History

Aim: an endoplasm (98% to hit)
The searing ray misses the giant cockroach.
The searing ray hits the endoplasm.
The endoplasm is moderately wounded. (Press . to maintain the ray.)
The giant cockroach barely misses you.
The searing ray hits the giant cockroach.
The giant cockroach is severely wounded.
The searing ray hits the endoplasm!
You kill the endoplasm!
The giant cockroach closely misses you.
Unknown command.
The searing ray hits the giant cockroach.
You kill the giant cockroach!
Your Fighting skill increases to level 1!
Casting: Searing Ray (safe; 4% risk of failure)
Confirm with . or Enter, or press ? or * to list all spells.
You aren't experienced enough to cast this spell.
Casting: Searing Ray (safe; 4% risk of failure)
Confirm with . or Enter, or press ? or * to list all spells.
Restarting spell: Searing Ray (safe; 4% risk of failure)
Press: ? - help, Shift-Dir - straight line, f - adder
Aim: an adder (63% to hit)
The searing ray misses the adder. (Press . to maintain the ray.)
The adder bites you but does no damage.
Unknown command.
The searing ray hits the adder.
The adder is moderately wounded.
The adder bites you. The adder barely misses you.
Unknown command.
The searing ray misses the adder.
The adder bites you.
* * * LOW HITPOINT WARNING * * *
Unknown command.
The searing ray hits the adder.
The adder is heavily wounded.
* * * LOW HITPOINT WARNING * * *
You finish channelling your searing ray.
The adder bites you.
You die...

#... ###.#.
#..... #.....
#<....
#.....## #
#.....S##.>#
#.....@....#
#..#...##.....
....... ###
#..###### #. #


You could see an adder.

Vanquished Creatures
  4 ball pythons (D:1)
  An endoplasm (D:2)
  A giant cockroach (D:2)
  2 hobgoblins (D:1)
  2 kobolds (D:1)
  A bat (D:1)
  3 rats (D:1)
14 creatures vanquished.

Notes
Turn   | Place    | Note
-------+----------+-------------------------------------------
     0 | D:1      | Ajdolov the Djinni Conjurer began the quest for the Orb.
     0 | D:1      | Reached XP level 1. HP: 15/15 MP: 0/0
    67 | D:1      | Found Ucumponu's Antique Armour Boutique.
   279 | D:1      | Reached XP level 2. HP: 5/22 MP: 0/0
   822 | D:1      | Found a faded altar of an unknown god.
  1068 | D:2      | Reached skill level 1 in Fighting
  1071 | D:2      | Slain by an adder

Illustrated notes

Levels and vault maps discovered:
D:1:      matt_arrival_grand_opening, layout_basic,
          hellmonk_ecumenical_altar_heavens_door, serial_shops, shop
D:2:      cheibrodos_pilgrimage, layout_loops_ring, uniq_sigmund

Skill      XL: |  1  2 |
---------------+-------+-----
Fighting       | 1 |  1.0
Dodging        | |  2.1
Stealth        | |  1.5
Spellcasting   | |  3.5

Action                   || total
-------------------------++-------
 Cast: Magic Dart        ||    25
       Searing Ray       ||     2
Armor: Robe              ||     1
Dodge: Dodged            ||     4

Table legend: (Time is in decaauts)
 A = Elapsed time spent in this place.
 B = Non-inter-level travel time spent in this place.
 C = Inter-level travel time spent in this place.
 D = Time resting spent in this place.
 E = Time spent auto-exploring this place.
 F = Levels seen in this place.
 G = Mean time per level.
                   A        B        C        D        E       F      G
               +--------+--------+--------+--------+--------+-----+--------+
         Total |   1070 |   1059 |     11 |    241 |    744 |   2 |  535.0 |
       Dungeon |   1070 |   1059 |     11 |    241 |    744 |   2 |  535.0 |
               +--------+--------+--------+--------+--------+-----+--------+

Top non-repeatable levels by time:
     D:1: 1062 daAuts
     D:2: 8 daAuts
